 Dungeon Sprint DCSS version 0.21-a0-229-g3587535 (webtiles) character file.

35702 Kidiri the Eclecticist (level 12, 0/73 HPs)
             Began as a Deep Elf Fire Elementalist on Sept 1, 2017.
             Was the Champion of Vehumet.
             Slain by a dire elephant (4 damage)
             ... in the Dungeon (Sprint III: "The Ten Rune Challenge").
             The game lasted 00:28:33 (4834 turns).

Kidiri the Eclecticist (Deep Elf Fire Elementalist) Turns: 4834, Time: 00:28:33

Health: 0/73       AC:  4    Str:  5    XL:     12   Next: 65%
Magic:  26/36      EV: 20    Int: 28    God:    Vehumet [******]
Gold:   31         SH:  4    Dex: 15    Spells: 2/48 levels left

rFire    . . .     SeeInvis .   b - +0 dagger
rCold    . . .     Gourm    .   (no shield)
rNeg     . . .     Faith    .   j - +2 robe
rPois    .         Spirit   .   n - +0 hat
rElec    .         Reflect  .   (no cloak)
rCorr    .         Harm     .   (no gloves)
MR       +....     NoTele   +   (no boots)
Stlth    ++........             (no amulet)
HPRegen  0.22/turn              (no ring)
MPRegen  0.25/turn              (no ring)

@: no status effects
A: large bone plates 1, clever 1
}: 1/10 runes: serpentine
a: Renounce Religion


You were in the Dungeon.
You worshipped Vehumet.
Vehumet was exalted by your worship.
You were not hungry.

You visited 1 branch You collected 31 gold pieces.

Inventory:

Hand Weapons
 b - a +0 dagger (weapon)
Armour
 j - a +2 robe (worn)
 n - a +0 hat (worn)
Scrolls
 m - a scroll of torment
 o - 2 scrolls of remove curse
 r - a scroll of holy word {unknown}
Potions
 h - a potion of berserk rage
 l - 5 potions of mutation
 t - a potion of flight
Comestibles
 c - a bread ration
 p - 23 royal jellies


   Skills:
 + Level 8.1 Fighting
 + Level 9.7 Short Blades
 + Level 8.3 Armour
 + Level 11.5 Dodging
 - Level 2.4 Stealth
 * Level 18.6 Spellcasting
 + Level 11.8 Conjurations
 + Level 12.1 Fire Magic
 + Level 9.3 Ice Magic
 + Level 9.8 Air Magic
 + Level 9.4 Earth Magic
 + Level 10.7 Poison Magic


You had 2 spell levels left.
You knew the following spells:

 Your Spells              Type           Power        Failure   Level  Hunger
a - Flame Tongue          Conj/Fire      #####        0%          1    None
b - Throw Flame           Conj/Fire      ######       0%          2    None
c - Conjure Flame         Conj/Fire      #######.     1%          3    None
d - Inner Flame           Hex/Fire       ######..     1%          3    None
e - Ignite Poison         Fire/Tmut/Pois ######..     1%          3    None
f - Sticky Flame          Conj/Fire      #######.     1%          4    None
g - Fireball              Conj/Fire      #######...   1%          5    None
h - Bolt of Magma         Conj/Fire/Erth ######....   1%          5    None
i - Bolt of Fire          Conj/Fire      #######...   1%          6    ##.....
j - Throw Frost           Conj/Ice       ######       1%          2    None
k - Freezing Cloud        Conj/Ice/Air   ######....   1%          6    ##.....
l - Stone Arrow           Conj/Erth      ######       1%          3    None
m - Mephitic Cloud        Conj/Pois/Air  ######..     1%          3    None


Dungeon Overview and Level Annotations

Branches:
Dungeon (1/1)

Altars:
Cheibriados
Dithmenos
Elyvilon
Fedhas
Gozag
Hepliaklqana
Kikubaaqudgha
Makhleb
Nemelex Xobeh
Okawaru
Qazlal
Ru
Sif Muna
Trog
Uskayaw
Vehumet
Wu Jian
Xom
Yredelemnul
Zin
The Shining One
Beogh
Jiyva
Lugonu

Shops:
D =[!

Annotations:
D exclusion: 6 doors, Gastronok


Innate Abilities, Weirdness & Mutations

You are partially covered in large bone plates. (SH +4)
Your mind is acute. (Int +2)


Message History

Unknown command.
The dire elephant burns!
Unknown command.
The dire elephant burns!
Gastronok is engulfed in freezing vapours.
Unknown command.
The dire elephant burns!
Unknown command.
The dire elephant burns!
The dire elephant is engulfed in freezing vapours.
Unknown command.
The dire elephant burns!
The dire elephant stops burning.
Unknown command.
Unknown command.
Unknown command.
Unknown command.
You open the door. The dire elephant tramples you!
* * * LOW HITPOINT WARNING * * *
You hold your ground!
The dire elephant trunk-slaps you.
You die...

▓.................#___#__+...#.#§
▓▓▓▓▓▓▓▓▓▓▓▓▓▓▓▓▓▓▓▓▓▓▓▓▓▓▓▓▓▓▓▓▓
▓..Y+≈≈≈≈..≈≈≈♣♣.....♣♣♣♣≈≈≈....
▓..P#≈≈≈§≈≈≈≈≈♣♣.≈≈≈≈'♣♣'♣≈≈≈≈≈≈
▓.PP#≈≈§§§§≈≈.≈')....#.≈♣♣♣♣♣♣♣♣
▓.Y.#≈≈≈§§≈≈≈≈♣♣♣♣♣♣♣#..♣♣
.Y?#≈.≈≈≈≈§≈≈♣ ###+♣♣♣♣♣
▓##Y####+#######♣ ♣♣♣♣.##..##
▓...Y..w......Y@♣♣ ♣...##.##.#
▓#+#############'♣ ♣♣.##.##%##+
.JJ#≈...........♣ ♣..#.##...#
▓..J+≈≈...########♣♣ ♣♣.##.##).#
▓J..#≈≈≈...........♣ ♣♣.##.#####
▓...#≈≈≈≈..........♣ ♣.....#
#+#############+############
#...........## #............#


You could see a dire elephant.

Vanquished Creatures
  Rupert (D)
  A nagaraja (D)
  Josephine (D)
  3 anacondas (D)
  A naga warrior (D)
  A centaur warrior (D)
  4 death yaks (D)
  Urug (D)
  2 unseen horrors (D)
  A deep elf mage (D)
  A lindwurm (D)
  9 black mambas (D)
  A guardian serpent (D)
  2 spiny frogs (D)
  A rime drake (D)
  A komodo dragon (D)
  2 tyrant leeches (D)
  A queen bee (D)
  3 wandering mushrooms (D)
  8 blink frogs (D)
  3 redbacks (D)
  A shadow (D)
  2 nagas (D)
  A spatial vortex (D)
  4 water moccasins (D)
  A swamp drake (D)
  A necrophage (D)
  2 centaurs (D)
  An earth elemental (D)
  A water elemental (D)
  32 killer bees (D)
  A jelly (D)
  A wizard (D)
  Jessica (D)
  A necromancer (D)
  3 humans (D)
  A kobold demonologist (D)
  6 adders (D)
  An ooze (D)
  A phantom (D)
  2 rats (D)
  A plant (D)
113 creatures vanquished.

Vanquished Creatures (others)
  2 draconian scorchers (D)
  6 hellions (D)
  3 yaktaurs (D)
  An electric eel (D)
  7 plants (D)
19 creatures vanquished.

Grand Total: 132 creatures vanquished

Notes
Turn   | Place    | Note
-------+----------+-------------------------------------------
     0 | D        | Kidiri the Deep Elf Fire Elementalist began the quest for the Orb.
     0 | D        | Reached XP level 1. HP: 10/10 MP: 6/6
    28 | D        | Reached skill level 4 in Spellcasting
    45 | D        | Killed a yaktaur
    91 | D        | Killed a hellion
    95 | D        | Killed a hellion
    95 | D        | Killed a hellion
    95 | D        | Killed a hellion
    95 | D        | Killed a hellion
   159 | D        | Killed a hellion
   192 | D        | Killed a white draconian scorcher
   232 | D        | Killed a white draconian scorcher
   238 | D        | Noticed Jessica
   244 | D        | Killed Jessica
   244 | D        | Reached skill level 6 in Spellcasting
   244 | D        | Reached XP level 2. HP: 15/15 MP: 3/11
   244 | D        | Reached XP level 3. HP: 19/19 MP: 3/13
   248 | D        | Learned a level 2 spell: Throw Flame
   252 | D        | Learned a level 3 spell: Conjure Flame
   256 | D        | Learned a level 3 spell: Inner Flame
   400 | D        | Gained mutation: You are partially covered in large bone plates. (SH +4) [potion of mutation]
   400 | D        | Gained mutation: Your mind is acute. (Int +2) [potion of mutation]
   425 | D        | Reached skill level 7 in Spellcasting
   425 | D        | Reached skill level 5 in Fire Magic
   464 | D        | Noticed a water elemental
   467 | D        | Killed a water elemental
   467 | D        | Reached skill level 9 in Spellcasting
   467 | D        | Reached skill level 5 in Conjurations
   467 | D        | Reached XP level 4. HP: 24/24 MP: 7/17
   481 | D        | Learned a level 4 spell: Sticky Flame
   531 | D        | Found a radiant altar of Vehumet.
   532 | D        | Found a deep blue altar of Sif Muna.
   532 | D        | Found an ancient bone altar of Kikubaaqudgha.
   532 | D        | Noticed a wizard
   535 | D        | Killed a wizard
   535 | D        | Reached XP level 5. HP: 27/28 MP: 10/19
   536 | D        | Reached skill level 10 in Spellcasting
   546 | D        | Learned a level 5 spell: Fireball
   550 | D        | Learned a level 3 spell: Mephitic Cloud
   559 | D        | Became a worshipper of Vehumet
   605 | D        | Found a glowing silver altar of Zin.
   606 | D        | Found a glowing golden altar of the Shining One.
   606 | D        | Found a white marble altar of Elyvilon.
   606 | D        | Noticed a deep elf mage
   612 | D        | Noticed a redback
   614 | D        | Killed a deep elf mage
   614 | D        | Reached skill level 11 in Spellcasting
   614 | D        | Reached XP level 6. HP: 13/36 MP: 8/22
   614 | D        | Reached XP level 7. HP: 14/40 MP: 8/24
   811 | D        | Found an ornate altar of the Wu Jian Council.
   811 | D        | Found a roughly hewn altar of Beogh.
   811 | D        | Found an iron altar of Okawaru.
   811 | D        | Found a bloodstained altar of Trog.
   811 | D        | Found a hide-covered altar of Uskayaw.
   811 | D        | Noticed a human
   814 | D        | Noticed a human
   817 | D        | Killed a human
   817 | D        | Reached skill level 5 in Dodging
   817 | D        | Reached skill level 12 in Spellcasting
   824 | D        | Killed a human
   824 | D        | Reached * piety under Vehumet
   824 | D        | Offered knowledge of Freeze by Vehumet.
   921 | D        | Found a basalt altar of Yredelemnul.
   921 | D        | Found a shadowy altar of Dithmenos.
   921 | D        | Found a sacrificial altar of Ru.
   988 | D        | Offered knowledge of Throw Frost by Vehumet.
   988 | D        | Reached ** piety under Vehumet
   990 | D        | Noticed a shadow
   998 | D        | Killed a shadow
   998 | D        | Reached XP level 8. HP: 46/46 MP: 10/26
  1011 | D        | Learned a level 2 spell: Throw Frost
  1078 | D        | Found a blossoming altar of Fedhas.
  1078 | D        | Found a stormy altar of Qazlal.
  1078 | D        | Found a snail-covered altar of Cheibriados.
  1078 | D        | Found a burning altar of Makhleb.
  1078 | D        | Found a shimmering altar of Xom.
  1079 | D        | Found a hazy altar of Hepliaklqana.
  1079 | D        | Found an opulent altar of Gozag.
  1079 | D        | Found a sparkling altar of Nemelex Xobeh.
  1079 | D        | Found a corrupted altar of Lugonu.
  1079 | D        | Found a viscous altar of Jiyva.
  1094 | D        | Offered knowledge of Stone Arrow by Vehumet.
  1094 | D        | Reached skill level 5 in Poison Magic
  1099 | D        | Learned a level 3 spell: Stone Arrow
  1160 | D        | Noticed Josephine
  1164 | D        | Killed Josephine
  1164 | D        | Reached skill level 5 in Short Blades
  1164 | D        | Reached skill level 13 in Spellcasting
  1164 | D        | Reached skill level 5 in Air Magic
  1385 | D        | Reached *** piety under Vehumet
  1385 | D        | Reached XP level 9. HP: 52/52 MP: 8/28
  1478 | D        | Noticed a centaur warrior
  1488 | D        | Offered knowledge of Ignite Poison by Vehumet.
  1491 | D        | Killed a centaur warrior
  1491 | D        | Reached skill level 14 in Spellcasting
  1560 | D        | Learned a level 3 spell: Ignite Poison
  1572 | D        | Noticed an unseen horror
  1575 | D        | Killed an unseen horror
  1575 | D        | Reached **** piety under Vehumet
  1575 | D        | Reached skill level 5 in Armour
  1677 | D        | Noticed an unseen horror
  1682 | D        | Killed an unseen horror
  1682 | D        | Offered knowledge of Static Discharge by Vehumet.
  1682 | D        | Reached skill level 5 in Fighting
  1814 | D        | Reached ***** piety under Vehumet
  1814 | D        | Offered knowledge of Olgreb's Toxic Radiance by Vehumet.
  1814 | D        | Reached XP level 10. HP: 59/59 MP: 25/30
  1823 | D        | Reached skill level 5 in Earth Magic
  1824 | D        | Reached skill level 15 in Spellcasting
  1826 | D        | Reached ****** piety under Vehumet
  1827 | D        | Reached skill level 5 in Ice Magic
  2200 | D        | Reached skill level 10 in Fire Magic
  2202 | D        | Offered knowledge of Freezing Cloud by Vehumet.
  2213 | D        | Learned a level 6 spell: Freezing Cloud
  2259 | D        | Noticed a spiny frog
  2259 | D        | Noticed a spiny frog
  2262 | D        | Killed a spiny frog
  2262 | D        | Killed a spiny frog
  2510 | D        | Noticed a lindwurm
  2514 | D        | Killed a lindwurm
  2514 | D        | Reached skill level 16 in Spellcasting
  2514 | D        | Reached XP level 11. HP: 40/64 MP: 22/33
  2582 | D        | Reached skill level 10 in Conjurations
  2653 | D        | Noticed Urug
  2660 | D        | Killed Urug
  2660 | D        | Offered knowledge of Bolt of Magma by Vehumet.
  2667 | D        | Learned a level 5 spell: Bolt of Magma
  2955 | D        | Noticed Rupert
  2969 | D        | Killed Rupert
  2969 | D        | Offered knowledge of Spellforged Servitor by Vehumet.
  2969 | D        | Reached skill level 10 in Dodging
  3129 | D        | Noticed a death yak
  3130 | D        | Noticed a death yak
  3134 | D        | Noticed a death yak
  3134 | D        | Noticed a death yak
  3134 | D        | Killed a death yak
  3134 | D        | Reached skill level 17 in Spellcasting
  3135 | D        | Killed a death yak
  3137 | D        | Killed a death yak
  3140 | D        | Killed a death yak
  3349 | D        | Offered knowledge of Bolt of Fire by Vehumet.
  3592 | D        | Reached XP level 12. HP: 60/72 MP: 21/35
  3600 | D        | Learned a level 6 spell: Bolt of Fire
  3651 | D        | Noticed an azure jelly
  3651 | D        | Noticed an azure jelly
  3726 | D        | Noticed an anaconda
  3729 | D        | Reached skill level 10 in Poison Magic
  3732 | D        | Killed an anaconda
  3735 | D        | Offered knowledge of Conjure Ball Lightning by Vehumet.
  3827 | D        | Noticed an anaconda
  3827 | D        | Noticed an anaconda
  3834 | D        | Killed an anaconda
  3837 | D        | Reached skill level 18 in Spellcasting
  3883 | D        | Killed an anaconda
  3883 | D        | Offered knowledge of Bolt of Cold by Vehumet.
  4390 | D        | Noticed a naga warrior
  4390 | D        | Noticed a nagaraja
  4401 | D        | Killed a naga warrior
  4425 | D        | Killed a nagaraja
  4425 | D        | Offered knowledge of Fire Storm by Vehumet.
  4425 | D        | Offered knowledge of Chain Lightning by Vehumet.
  4425 | D        | Offered knowledge of Tornado by Vehumet.
  4448 | D        | Found Meemm's Jewellery Boutique.
  4448 | D        | Found Aclebic's Antique Armour Emporium.
  4457 | D        | Found Wampiz's Distillery.
  4694 | D        | Got a serpentine rune of Zot
  4819 | D        | Noticed an azure jelly
  4819 | D        | Noticed an azure jelly
  4820 | D        | Noticed a dire elephant
  4820 | D        | Noticed a dire elephant
  4820 | D        | Noticed Gastronok
  4834 | D        | Slain by a dire elephant

Vault maps used:
D:        dungeon_sprint_mu

Skill      XL: |  1  2  3  4  5  6  7  8  9 10 11 12 |
---------------+-------------------------------------+-----
Spellcasting   | 6 9 11 12 13 14 16 17 18 | 18.6
Conjurations   | 3 5 6 7 8 9 11 | 11.8
Fire Magic     | 4 5 6 7 8 9 10 11 12 | 12.1
Fighting       | 2 3 4 5 6 7 8 |  8.1
Short Blades   | 3 4 5 6 7 8 9 |  9.7
Armour         | 2 3 4 5 6 7 8 |  8.3
Dodging        | 4 5 6 8 9 10 11 | 11.5
Air Magic      | 3 4 5 6 7 9 |  9.8
Poison Magic   | 3 4 5 7 8 9 10 | 10.7
Ice Magic      | 2 4 6 8 9 |  9.3
Earth Magic    | 2 4 6 8 9 |  9.4
Stealth        | |  2.4

Action                   |  1- 3 |  4- 6 |  7- 9 | 10-12 || total
-------------------------+-------+-------+-------+-------++-------
Melee: Dagger            |       |       |     3 |    90 ||    93
 Cast: Flame Tongue      |    17 |     5 |    44 |    38 ||   104
       Throw Flame       |     2 |       |     1 |       ||     3
       Conjure Flame     |     1 |       |     5 |     2 ||     8
       Sticky Flame      |       |     3 |    10 |    15 ||    28
       Mephitic Cloud    |       |     1 |     4 |     8 ||    13
       Stone Arrow       |       |       |    12 |    31 ||    43
       Fireball          |       |       |     3 |       ||     3
       Ignite Poison     |       |       |     2 |     6 ||     8
       Freezing Cloud    |       |       |       |    11 ||    11
       Bolt of Magma     |       |       |       |    32 ||    32
       Throw Frost       |       |       |       |     4 ||     4
       Bolt of Fire      |       |       |       |    13 ||    13
  Use: Scroll            |     3 |       |       |     1 ||     4
       Potion            |     1 |       |     1 |     6 ||     8
 Stab: Sleeping          |       |       |       |     2 ||     2
       Confused          |       |       |       |     1 ||     1
  Eat: Chunk             |       |       |     3 |       ||     3
       Fruit             |       |       |       |     3 ||     3
       Royal jelly       |       |       |       |     5 ||     5
Armor: Robe              |       |     1 |     6 |     5 ||    12
Dodge: Dodged            |     1 |     1 |    12 |    73 ||    87
Block: Other             |     1 |     1 |     3 |    13 ||    18

Table legend:
 A = Spawn XP
 B = Non-spawn XP
 C = Spawn XP percentage of total XP
 D = Spawn monster count
 E = Non-spawn monster count
 F = Spawn count percentage of total count
 G = Total turns spent on level
                    A         B        C        D         E        F      G
               +---------+---------+-------+---------+---------+-------+---------
         Total |       0 |   32432 |   0.0 |       0 |     112 |   0.0 |  4834
               +---------+---------+-------+---------+---------+-------+---------
             D |       0 |   32432 |   0.0 |       0 |     112 |   0.0 |  4834
               +---------+---------+-------+---------+---------+-------+---------
